 Dungeon Crawl Stone Soup version 0.28-a0-1415-g7c84da036a (webtiles) character file.

Game seed: 4203446528425564418

39 eustatius the Magician (level 3, 0/28 HPs)
             Began as a Gnoll Wanderer on Jan 7, 2022.
             Slain by Natasha (9 damage)
             ... on level 2 of the Dungeon on Jan 8, 2022.
             The game lasted 00:08:35 (1351 turns).

eustatius the Magician (Gnoll Wanderer)             Turns: 1351, Time: 00:08:36

Health: 0/28       AC:  3    Str:  8    XL:     3   Next: 47%
Magic:  3/9        EV: 13    Int: 14    God:
Gold:   57         SH:  0    Dex: 13    Spells: 8/12 levels left

rFire   . . .      SeeInvis .   a - +2 falchion
rCold   . . .      Faith    .   (no shield)
rNeg    . . .      Spirit   .   c - +0 robe
rPois   .          Reflect  .   (no helmet)
rElec   .          Harm     .   (no cloak)
rCorr   .          Rampage  .   (no gloves)
Will    .....                   b - +0 pair of boots
Stlth   ++........              (no amulet)
HPRegen 0.09/turn               (no ring)
MPRegen 0.11/turn               (no ring)

@: very slightly contaminated
A: fangs 1, strong nose, distributed training
a: no special abilities


You were on level 2 of the Dungeon.
You visited 1 branch of the dungeon, and saw 2 of its levels.

You collected 57 gold pieces.

Inventory:

Hand Weapons
 a - a +2 falchion (weapon)
 i - a +0 fustibalus
Missiles
 d - 20 arrows
Armour
 b - a +0 pair of boots (worn)
 c - a +0 robe (worn)
 e - a +0 ring mail
Scrolls
 g - a scroll of noise {unknown}
 h - a scroll of identify {unknown}
Potions
 f - a potion of lignification {unknown}


   Skills:
 + Level 2.6 Fighting
 + Level 0.8 Short Blades
 + Level 4.5 Long Blades
 + Level 0.8 Axes
 + Level 0.8 Maces & Flails
 + Level 0.8 Polearms
 + Level 0.8 Staves
 + Level 0.8 Slings
 + Level 0.8 Bows
 + Level 0.8 Crossbows
 + Level 0.8 Throwing
 + Level 0.8 Armour
 + Level 4.5 Dodging
 + Level 2.4 Stealth
 + Level 0.8 Shields
 + Level 0.8 Unarmed Combat
 + Level 5.0 Spellcasting
 + Level 0.5 Conjurations
 + Level 0.5 Hexes
 + Level 0.5 Summonings
 + Level 0.5 Necromancy
 + Level 0.5 Translocations
 + Level 0.5 Transmutations
 + Level 3.7 Fire Magic
 + Level 0.5 Ice Magic
 + Level 0.5 Air Magic
 + Level 0.5 Earth Magic
 + Level 0.5 Poison Magic
 + Level 1.0 Invocations
 + Level 0.8 Evocations


You had 8 spell levels left.
You knew the following spells:

 Your Spells              Type           Power      Damage    Failure   Level
a - Foxfire               Conj/Fire      36%        2x1d5     7%          1
b - Inner Flame           Hex/Fire       9%         N/A       22%         3

Your spell library contained the following spells:

 Spells                   Type           Power      Damage    Failure   Level
 Corpse Rot               Necr/Air       10%        N/A       21%         2
 Dispel Undead            Necr           5%         3d7       80%         4
 Death Channel            Necr           2%         N/A       100%        6


Dungeon Overview and Level Annotations

Branches:
Dungeon (2/15)

Altars:

Shops:
D:2 [

Annotations:
D:2 Natasha


Innate Abilities, Weirdness & Mutations

You have very sharp teeth.
Your uncanny sense of smell can sniff out nearby items.
Your experience applies equally to all skills.


Message History

Casting: Foxfire (safe; 7% risk of failure)
Confirm with . or Enter, or press ? or * to list all spells.
You conjure some foxfire!
The foxfire hits Natasha.
Natasha is heavily wounded.
Your foxfire dissipates!
Natasha stares at you and mumbles some strange words.
You resist with significant effort.
Casting: Foxfire (safe; 7% risk of failure)
Confirm with . or Enter, or press ? or * to list all spells.
You conjure some foxfire!
Natasha mumbles some strange words.
Your foxfire dissipates!
The foxfire hits Natasha.
Natasha is heavily wounded.
Casting: Foxfire (safe; 7% risk of failure)
Confirm with . or Enter, or press ? or * to list all spells.
You conjure some foxfire!
Natasha claws you.
Unknown command.
Your foxfire dissipates!
Casting: Foxfire (safe; 7% risk of failure)
Confirm with . or Enter, or press ? or * to list all spells.
You miscast Foxfire.
You are very lightly contaminated with residual magic.
Nothing appears to happen.
Natasha claws you! Natasha casts a spell at you. The magic dart hits you!
* * * LOW HITPOINT WARNING * * *
You see here a ball python corpse.
Casting: Foxfire (safe; 7% risk of failure)
Confirm with . or Enter, or press ? or * to list all spells.
You conjure some foxfire!
Your foxfire dissipates!
The foxfire hits Natasha.
Natasha is severely wounded.
Natasha stares at you and mumbles some strange words.
You resist with significant effort.
Natasha wildly gestures.
Natasha glows brightly for a moment.
Natasha claws you!
You die...

#.# #..#
.. #..#
#.# #..#
.. #..#
#.##..#
#..#..#
#####.#..#
#..5.h...#
∆
#.####@#.#
#.# #...#
#.# ##..#
#5# ..#
#.......>#
#....#....
#..#.#
....
#....#
.....
#....#


You could see Natasha and a white imp (summoned).

Vanquished Creatures
  An adder (D:2)
  2 ball pythons (D:2)
  A giant cockroach (D:1)
  2 goblins (D:1)
  A hobgoblin (D:1)
  8 jackals
  5 kobolds
  2 quokkas
  3 bats
  A rat (D:2)
26 creatures vanquished.

Vanquished Creatures (others)
  15 foxfires
15 creatures vanquished.

Grand Total: 41 creatures vanquished

Notes
Turn   | Place    | Note
-------+----------+-------------------------------------------
     0 | D:1      | eustatius the Gnoll Wanderer began the quest for the Orb.
     0 | D:1      | eustatius set off with the following items: a +2 falchion,
                  | a +0 pair of boots, a +0 robe; and the following spell
                  | memorised: Foxfire; and the following spells available to
                  | memorise: Inner Flame
     0 | D:1      | Reached XP level 1. HP: 17/17 MP: 6/6
   310 | D:1      | Reached XP level 2. HP: 23/23 MP: 7/7
  1142 | D:2      | Reached XP level 3. HP: 27/28 MP: 6/9
  1146 | D:2      | Learned a level 3 spell: Inner Flame
  1158 | D:2      | Reached skill level 5 in Spellcasting
  1201 | D:2      | Found Uliso's Armour Shoppe.
  1297 | D:2      | Reached skill level 1 in Invocations
  1334 | D:2      | Noticed Natasha
  1351 | D:2      | Slain by Natasha

Illustrated notes

Levels and vault maps discovered:
D:1:      ncdulo_halloftheorcs, layout_loops_ring
D:2:      layout_basic, serial_shops, shop, uniq_natasha, uniq_robin

Skill      XL: |  1  2  3 |
---------------+----------+-----
Spellcasting   | 5 |  5.0
Invocations    | 1 |  1.0
Fighting       | |  2.6
Short Blades   | |  0.8
Long Blades    | |  4.5
Axes           | |  0.8
Maces & Flails | |  0.8
Polearms       | |  0.8
Staves         | |  0.8
Slings         | |  0.8
Bows           | |  0.8
Crossbows      | |  0.8
Throwing       | |  0.8
Armour         | |  0.8
Dodging        | |  4.5
Stealth        | |  2.4
Shields        | |  0.8
Unarmed Combat | |  0.8
Conjurations   | |  0.5
Hexes          | |  0.5
Summonings     | |  0.5
Necromancy     | |  0.5
Translocations | |  0.5
Transmutations | |  0.5
Fire Magic     | |  3.7
Ice Magic      | |  0.5
Air Magic      | |  0.5
Earth Magic    | |  0.5
Poison Magic   | |  0.5
Evocations     | |  0.8

Action                   || total
-------------------------++-------
Melee: Falchion          ||    71
       Bite              ||     8
       Punch             ||     1
 Cast: Foxfire           ||    16
Armor: Robe              ||    20
Dodge: Dodged            ||    69

Table legend: (Time is in decaauts)
 A = Elapsed time spent in this place.
 B = Non-inter-level travel time spent in this place.
 C = Inter-level travel time spent in this place.
 D = Time resting spent in this place.
 E = Time spent auto-exploring this place.
 F = Levels seen in this place.
 G = Mean time per level.
                   A        B        C        D        E       F      G
               +--------+--------+--------+--------+--------+-----+--------+
         Total |   1356 |   1018 |    338 |      0 |    734 |   2 |  678.0 |
       Dungeon |   1356 |   1018 |    338 |      0 |    734 |   2 |  678.0 |
               +--------+--------+--------+--------+--------+-----+--------+

Top non-repeatable levels by time:
     D:1: 1123 daAuts
     D:2: 233 daAuts
